 Dungeon Sprint DCSS version 0.30-a0-310-g7d6cbdfea6 (webtiles) character file.

Game seed: 14257748743372088323

1351 McGhostyFace the Frost Mage (level 8, -4/67 HPs)
             Began as a Gnoll Ice Elementalist on Oct 25, 2022.
             Shot with an arrow by a deep elf master archer (32 damage)
             ... in the Dungeon (Sprint II: "The Violet Keep of Menkaure").
             The game lasted 00:09:16 (747 turns).

McGhostyFace the Frost Mage (Gnoll Ice Elementalist) Turns: 747, Time: 00:09:16

Health: -4/67      AC:  6    Str:  8    XL:     8   Next: 63%
Magic:  20/20      EV: 15    Int: 16    God:
Gold:   237        SH:  0    Dex: 13    Spells: 8/24 levels left

rFire   . . .      SeeInvis .    d - +0 spear
rCold   . . .      Faith    .    (no shield)
rNeg    . . .      Spirit   .    a - +0 robe
rPois   .          Reflect  .    (no helmet)
rElec   .          Harm     .    (no cloak)
rCorr   .          Rampage  .    h - +1 Delatra's gloves {ID++}
Will    .....      NoTele   +    f - +0 pair of boots {Stlth+}
Stlth   +++++.....               (no amulet)
HPRegen 0.31/turn                (no ring)
MPRegen 0.17/turn                (no ring)

@: no status effects
A: fangs 1, strong nose, distributed training
a: no special abilities


You were in the Dungeon.
You visited 1 branch You collected 1053 gold pieces.
You spent 816 gold pieces at shops.

Inventory:

Hand Weapons
 d - a +0 spear (weapon)
Armour
 a - a +0 robe (worn)
 f - a +0 pair of boots of stealth (worn)
 h - the +1 Delatra's gloves (worn) {ID++}
   (You bought it in a shop in the Dungeon)

   It heals its wearer when they drink unknown potions.
   It restores its wearer's MP when they read unknown scrolls.
Scrolls
 g - a scroll of blinking
 i - a scroll of fog {unknown}
Potions
 b - 3 potions of magic
 c - a potion of curing
 e - a potion of haste


   Skills:
 + Level 7.0 Fighting
 + Level 7.0 Short Blades
 + Level 7.0 Long Blades
 + Level 7.0 Axes
 + Level 7.0 Maces & Flails
 + Level 7.0 Polearms
 + Level 7.0 Staves
 + Level 7.0 Ranged Weapons
 + Level 7.0 Throwing
 + Level 7.0 Armour
 + Level 8.4 Dodging
 + Level 8.2 Stealth
 + Level 7.0 Shields
 + Level 7.0 Unarmed Combat
 + Level 8.7 Spellcasting
 + Level 5.8 Conjurations
 + Level 5.8 Hexes
 + Level 5.8 Summonings
 + Level 5.8 Necromancy
 + Level 5.8 Translocations
 + Level 5.8 Transmutations
 + Level 5.8 Fire Magic
 + Level 9.3 Ice Magic
 + Level 5.8 Air Magic
 + Level 5.8 Earth Magic
 + Level 5.8 Poison Magic
 + Level 7.6 Invocations
 + Level 7.0 Evocations


You had 8 spell levels left.
You knew the following spells:

 Your Spells              Type           Power      Damage    Failure   Level
a - Freeze                Ice            100%       1d10      1%          1
b - Frozen Ramparts       Ice            72%        1d11      1%          3
c - Ozocubu's Armour      Ice            36%        N/A       1%          3
d - Summon Ice Beast      Ice/Summ       31%        N/A       4%          4
e - Borgnjor's Vile Clut  Necr/Erth      12%        N/A       26%         5

Your spell library contained the following spells:

 Spells                   Type           Power      Damage    Failure   Level
 Animate Dead             Necr           25%        N/A       10%         4
 Death Channel            Necr           12%        N/A       83%         6


Dungeon Overview and Level Annotations

Branches:
Dungeon (1/1)

Altars:
Dithmenos
Elyvilon
Fedhas
Gozag
Kikubaaqudgha
Makhleb
Nemelex Xobeh
Okawaru
Ru
Sif Muna
Trog
Uskayaw
Vehumet
Xom
Yredelemnul
Zin
Jiyva
Lugonu

Shops:
D [(:=[?!([:=!(:?

Annotations:
D exclusions: obsidian statue and oklob plant


Innate Abilities, Weirdness & Mutations

You have very sharp teeth.
Your uncanny sense of smell can sniff out nearby items.
Your experience applies equally to all skills.


Message History

Your Unarmed Combat skill increases to level 7!
Your Evocations skill increases to level 7!
Unknown command.
Unknown command.
Your icy armour cracks and falls away as you move.
The frozen ramparts melt away as you move.
There is an open door, spattered with blood here.
You see here a +0 ring mail.
There's nothing to close nearby.
You swap places.
You close the door.
You now have 237 gold pieces (gained 81).
You start resting.
Your ice beast disappears in a puff of smoke!
Magic restored.
You start resting.
The walls and floor vibrate strangely for a moment.
You start resting.
HP restored.
You open the door.
A swamp drake comes into view.
There is an open door, spattered with blood here.
You open the door.
An ice dragon comes into view.
Found a scroll labelled AWIQUM ACEAWEPYI, a spear and 81 gold pieces.
Casting: Frozen Ramparts (safe; 1% risk of failure)
Confirm with . or Enter, or press ? or * to list all spells.
Okay, then.
You close the door.
A deep elf master archer comes into view.
The deep elf master archer shouts!
The deep elf master archer wields a +0 longbow.
The deep elf master archer shoots an arrow.
The arrow hits you!!!
Ouch! That really hurt!
The deep elf master archer shoots an arrow.
The arrow closely misses you.
The deep elf master archer shoots an arrow.
The arrow hits you!!
You die...

∆∆ ∆ ∆ ∆ ∆ ≈§≈ ∆ ∆ §§S
##++# ∆ # ≈≈ ##≈...### ##
§≈ #e≈..^..# ~#+++#§§
#....#∆ ∆∆ ~.....§.§ ∆
+..@.# #∆∆ ∆ ~~~##+##~.
####.# k#∆∆ ∆∆
~~##...##.####D?+.##.#∆∆
∆∆ ~~#..#..#....#$)#...#
∆∆ ####.#.####..#####..# ∆
∆∆ #.###'###.##..#[.'..#
∆∆ ...##†##.###..#..#†.# #
∆∆
.#.'.<.'##.+..####..##.#
∆∆
...##.##...#....###...##▓▓


You could see a deep elf master archer.

Vanquished Creatures
  A merfolk siren (D)
  A blink frog (D)
  2 redbacks (D)
  2 necrophages (D)
  4 scorpions (D)
  3 worms (D)
13 creatures vanquished.

Vanquished Creatures (collateral kills)
  A water moccasin (D)
  2 necrophages (D)
3 creatures vanquished.

Vanquished Creatures (others)
  Menkaure (D)
1 creature vanquished.

Grand Total: 17 creatures vanquished

Notes
Turn   | Place    | Note
-------+----------+-------------------------------------------
     0 | D        | McGhostyFace the Gnoll Ice Elementalist began the quest for
                  | the Orb.
     0 | D        | Reached XP level 1. HP: 13/13 MP: 6/6
    10 | D        | Reached skill level 5 in Spellcasting
    16 | D        | Reached skill level 1 in Fighting
    16 | D        | Reached skill level 1 in Short Blades
    16 | D        | Reached skill level 1 in Long Blades
    16 | D        | Reached skill level 1 in Axes
    16 | D        | Reached skill level 1 in Maces & Flails
    16 | D        | Reached skill level 1 in Polearms
    16 | D        | Reached skill level 1 in Staves
    16 | D        | Reached skill level 1 in Ranged Weapons
    16 | D        | Reached skill level 1 in Throwing
    16 | D        | Reached skill level 1 in Armour
    16 | D        | Reached skill level 1 in Shields
    16 | D        | Reached skill level 1 in Unarmed Combat
    16 | D        | Reached skill level 1 in Invocations
    16 | D        | Reached skill level 1 in Evocations
    16 | D        | Reached XP level 2. HP: 18/21 MP: 1/8
    20 | D        | Reached skill level 1 in Conjurations
    20 | D        | Reached skill level 1 in Hexes
    20 | D        | Reached skill level 1 in Summonings
    20 | D        | Reached skill level 1 in Necromancy
    20 | D        | Reached skill level 1 in Translocations
    20 | D        | Reached skill level 1 in Transmutations
    20 | D        | Reached skill level 1 in Fire Magic
    20 | D        | Reached skill level 1 in Air Magic
    20 | D        | Reached skill level 1 in Earth Magic
    20 | D        | Reached skill level 1 in Poison Magic
    65 | D        | Noticed a merfolk siren
    75 | D        | Killed a merfolk siren
    76 | D        | Reached skill level 8 in Ice Magic
    76 | D        | Reached skill level 5 in Invocations
    76 | D        | Reached XP level 3. HP: 14/31 MP: 3/11
    76 | D        | Reached XP level 4. HP: 18/38 MP: 3/13
    76 | D        | Reached XP level 5. HP: 20/43 MP: 3/14
    76 | D        | Reached XP level 6. HP: 23/49 MP: 3/16
   111 | D        | Killed Menkaure
   171 | D        | Learned a level 3 spell: Frozen Ramparts
   175 | D        | Learned a level 3 spell: Ozocubu's Armour
   180 | D        | Learned a level 4 spell: Summon Ice Beast
   202 | D        | Reached skill level 5 in Fighting
   202 | D        | Reached skill level 5 in Short Blades
   202 | D        | Reached skill level 5 in Long Blades
   202 | D        | Reached skill level 5 in Axes
   202 | D        | Reached skill level 5 in Maces & Flails
   202 | D        | Reached skill level 5 in Polearms
   202 | D        | Reached skill level 5 in Staves
   202 | D        | Reached skill level 5 in Ranged Weapons
   202 | D        | Reached skill level 5 in Throwing
   202 | D        | Reached skill level 5 in Armour
   202 | D        | Reached skill level 5 in Shields
   202 | D        | Reached skill level 5 in Unarmed Combat
   202 | D        | Reached skill level 5 in Evocations
   204 | D        | Reached XP level 7. HP: 44/56 MP: 8/17
   299 | D        | Reached skill level 5 in Conjurations
   299 | D        | Reached skill level 5 in Hexes
   299 | D        | Reached skill level 5 in Summonings
   299 | D        | Reached skill level 5 in Necromancy
   299 | D        | Reached skill level 5 in Translocations
   299 | D        | Reached skill level 5 in Transmutations
   299 | D        | Reached skill level 5 in Fire Magic
   299 | D        | Reached skill level 5 in Air Magic
   299 | D        | Reached skill level 5 in Earth Magic
   299 | D        | Reached skill level 5 in Poison Magic
   343 | D        | Found Nugorphuu's Magic Scroll Shop.
   343 | D        | Found Teogibo's Book Boutique.
   343 | D        | Found Fozaomie's Distillery.
   343 | D        | Found Pacyamio's Book Boutique.
   343 | D        | Found Taegatz's Jewellery Boutique.
   343 | D        | Found Tavias's Armour Shop.
   344 | D        | Found Etrauxt's Weapon Shop.
   345 | D        | Found Fautrof's Distillery.
   345 | D        | Found Pyveijuz's Magic Scroll Boutique.
   345 | D        | Noticed a yak
   346 | D        | Found Cuufinna's Antique Weapon Boutique.
   346 | D        | Noticed a yak
   347 | D        | Found Wapsu's Antique Armour Shop.
   347 | D        | Found Wytil's Jewellery Boutique.
   347 | D        | Noticed a yak
   347 | D        | Noticed an oklob plant
   348 | D        | Found Magouw's Antique Weapon Shop.
   348 | D        | Found Joetodoc's Antique Armour Boutique.
   348 | D        | Found Ogivvoyt's Book Shoppe.
   350 | D        | Noticed a death yak
   360 | D        | Reached skill level 9 in Ice Magic
   360 | D        | Reached XP level 8. HP: 52/65 MP: 10/20
   431 | D        | Bought a +0 pair of boots of stealth for 149 gold pieces
   444 | D        | Bought a book of Unlife for 504 gold pieces
   450 | D        | Learned a level 5 spell: Borgnjor's Vile Clutch
   488 | D        | Bought the +1 Delatra's gloves {ID++} for 130 gold pieces
   488 | D        | Found the +1 Delatra's gloves {ID++}
   501 | D        | Bought a potion of curing for 33 gold pieces
   516 | D        | Noticed a blink frog
   532 | D        | Killed a blink frog
   545 | D        | Noticed an obsidian statue
   550 | D        | Noticed a flying skull
   550 | D        | Noticed a flying skull
   558 | D        | Found an iron altar of Okawaru.
   558 | D        | Found an opulent altar of Gozag.
   564 | D        | Found a sparkling altar of Nemelex Xobeh.
   564 | D        | Found a blossoming altar of Fedhas.
   565 | D        | Found a radiant altar of Vehumet.
   565 | D        | Found a burning altar of Makhleb.
   565 | D        | Found a white marble altar of Elyvilon.
   566 | D        | Found a hide-covered altar of Uskayaw.
   566 | D        | Found a corrupted altar of Lugonu.
   566 | D        | Found a shadowy altar of Dithmenos.
   567 | D        | Found a glowing silver altar of Zin.
   567 | D        | Found a bloodstained altar of Trog.
   567 | D        | Found an ancient bone altar of Kikubaaqudgha.
   568 | D        | Found a basalt altar of Yredelemnul.
   568 | D        | Found a shimmering blue altar of Sif Muna.
   568 | D        | Found a viscous altar of Jiyva.
   569 | D        | Found a shimmering altar of Xom.
   569 | D        | Found a sacrificial altar of Ru.
   743 | D        | Noticed an ice dragon
   746 | D        | Noticed a deep elf master archer
   747 | D        | Shot with an arrow by a deep elf master archer

Illustrated notes

Levels and vault maps discovered:
D:        the_violet_keep_of_menkaure [sprint2_stairs_cluster_1,
          sprint2_shoproom, sprint2_temple, sprint2_basic_supplies,
          sprint2_obstacle_3, sprint2_obstacle_1, sprint2_obstacle_7,
          sprint2_obstacle_6, sprint2_obstacle_5, sprint2_timed_cluster_1,
          sprint2_smallroom_cluster_1, sprint2_smallroom_final_cluster_1,
          sprint2_transparent_cluster_1, sprint2_second_timed_cluster_1,
          sprint2_sniper_area_1, sprint2_heavy_combat_area_1,
          sprint2_mutation_trap_area_1, sprint2_forest_area_1,
          sprint2_light_combat_area_1, sprint2_behind_water_1,
          sprint2_near_end_vault_1]

Skill      XL: |  1  2  3  4  5  6  7  8 |
---------------+-------------------------+-----
Spellcasting   | 5 7 8 |  8.7
Fighting       | 1 4 5 6 7 |  7.0
Short Blades   | 1 4 5 6 7 |  7.0
Long Blades    | 1 4 5 6 7 |  7.0
Axes           | 1 4 5 6 7 |  7.0
Maces & Flails | 1 4 5 6 7 |  7.0
Polearms       | 1 4 5 6 7 |  7.0
Staves         | 1 4 5 6 7 |  7.0
Ranged Weapons | 1 4 5 6 7 |  7.0
Throwing       | 1 4 5 6 7 |  7.0
Armour         | 1 4 5 6 7 |  7.0
Shields        | 1 4 5 6 7 |  7.0
Unarmed Combat | 1 4 5 6 7 |  7.0
Invocations    | 1 5 7 |  7.6
Evocations     | 1 4 5 6 7 |  7.0
Conjurations   | 3 4 5 |  5.8
Hexes          | 3 4 5 |  5.8
Summonings     | 3 4 5 |  5.8
Necromancy     | 3 4 5 |  5.8
Translocations | 3 4 5 |  5.8
Transmutations | 3 4 5 |  5.8
Fire Magic     | 3 4 5 |  5.8
Air Magic      | 3 4 5 |  5.8
Earth Magic    | 3 4 5 |  5.8
Poison Magic   | 3 4 5 |  5.8
Dodging        | 6 7 8 |  8.4
Stealth        | 6 7 8 |  8.2
Ice Magic      | 8 9 |  9.3

Action                   |  1- 3 |  4- 6 |  7- 9 || total
-------------------------+-------+-------+-------++-------
Melee: Unarmed           |     8 |       |       ||     8
       Bite              |     3 |       |     4 ||     7
       Spear             |       |     7 |    14 ||    21
       Punch             |       |       |     2 ||     2
 Cast: Freeze            |    10 |       |    14 ||    24
       Summon Ice Beast  |       |     1 |     5 ||     6
       Frozen Ramparts   |       |     1 |     2 ||     3
       Ozocubu's Armour  |       |     1 |     1 ||     2
  Use: Potion            |     2 |       |     1 ||     3
 Stab: Distracted        |       |       |     1 ||     1
Armor: Robe              |       |     2 |     8 ||    10
Dodge: Dodged            |     5 |     6 |    16 ||    27

Table legend: (Time is in decaauts)
 A = Elapsed time spent in this place.
 B = Non-inter-level travel time spent in this place.
 C = Inter-level travel time spent in this place.
 D = Time resting spent in this place.
 E = Time spent auto-exploring this place.
 F = Levels seen in this place.
 G = Mean time per level.
                   A        B        C        D        E       F      G
               +--------+--------+--------+--------+--------+-----+--------+
         Total |    773 |    773 |      0 |    391 |      0 |   1 |  773.0 |
       Dungeon |    773 |    773 |      0 |    391 |      0 |   1 |  773.0 |
               +--------+--------+--------+--------+--------+-----+--------+

Top non-repeatable levels by time:
       D: 773 daAuts
